 Dungeon Crawl Stone Soup version 0.25.0-10-g039870ee82 (webtiles) character file.

Game seed: 8630728664300196715

(classic levelgen) 510 EnegeticOcto the Chopper (level 6, 0/58 HPs)
             Began as a Deep Dwarf Fighter on June 23, 2020.
             Blown up by Ijyb (31 damage)
             ... with a disintegration bolt
             ... on level 5 of the Dungeon.
             The game lasted 00:01:12 (1472 turns).

EnegeticOcto the Chopper (Deep Dwarf Fighter)       Turns: 1472, Time: 00:01:12

Health: 0/58       AC:  9    Str: 22    XL:     6   Next: 98%
Magic:  6/6        EV:  5    Int:  8    God:
Gold:   74         SH: 11    Dex: 12    Spells: 5/5 levels left

rFire    . . .     SeeInvis .   a - +0 war axe
rCold    . . .     Gourm    .   c - +1 kite shield
rNeg     . . .     Faith    .   m - +0 chain mail
rPois    .         Spirit   .   (no helmet)
rElec    .         Reflect  .   (no cloak)
rCorr    .         Harm     .   (no gloves)
MR       .....                  (no boots)
Stlth    ..........             (no amulet)
HPRegen  0.00/turn              (no ring)
MPRegen  0.10/turn              (no ring)

@: non-regenerating
A: damage resistance, heal wounds, sense surroundings 1, no regeneration
a: Heal Wounds


You were on level 5 of the Dungeon.
You were not hungry.

You visited 1 branch of the dungeon, and saw 5 of its levels.

You collected 74 gold pieces.

Inventory:

Hand Weapons
 a - a +0 war axe (weapon)
Armour
 c - a +1 kite shield (worn)
 m - a +0 chain mail (worn)
Scrolls
 d - 3 scrolls of identify {@r1}
 f - a scroll of remove curse {@r2}
Potions
 h - a potion of flight
 k - a potion of might {@q3}
Comestibles
 b - 11 chunks of flesh
 e - 4 rations


   Skills:
 * Level 4.6 Fighting
 * Level 5.0 Axes
 + Level 4.6 Armour
 + Level 4.7 Shields


You had 5 spell levels left.
You didn't know any spells.
Your spell library was empty.

Dungeon Overview and Level Annotations

Branches:
Dungeon (5/15)             Temple (0/1) D:4

Altars:
Trog

Annotations:
D:5 Ijyb


Innate Abilities, Weirdness & Mutations

You are resistant to damage.
You can heal yourself by infusing magical energy.
You passively map a small area around you.
You do not regenerate.


Message History

Things that are here:
a +0 halberd; a gnoll corpse You feel much better.
Things that are here:
a +0 flail; a gnoll skeleton
Things that are here:
a +0 spear; a gnoll corpse
f - a scroll of remove curse {@r2}
Found a stone staircase leading down.
There is a stone staircase leading down here.
A centaur comes into view.
The centaur shouts!
The centaur wields a +0 shortbow.
The centaur shoots an arrow.
The arrow hits you but does no damage.
The centaur shoots an arrow.
The arrow hits you!
You see here 2 arrows.
A centaur is nearby!
A centaur is nearby!
A centaur is nearby!
A centaur is nearby!
A centaur is nearby!
A centaur is nearby!
A centaur is nearby!
The centaur shoots an arrow.
The arrow barely misses you.
The centaur shoots an arrow.
The arrow hits you but does no damage.
Ijyb the Twisted Goblin comes into view.
She is wielding a +0 club and carrying a wand of disintegration (18).
You see here an arrow.
The centaur shoots an arrow.
You block the arrow.
You see here an arrow.
The centaur shoots an arrow.
The arrow hits you.
You see here an arrow.
The centaur unwields a +0 shortbow.
The centaur completely misses you.
Ijyb zaps a wand.
You are blasted!
You hit the centaur.
The centaur is moderately wounded.
The centaur hits you. The centaur barely misses you.
You slash the centaur!
The centaur is almost dead.
You hit Ijyb. The centaur hits you. Ijyb hits you but does no damage.
The centaur hits you but does no damage.
Ijyb zaps a wand.
You are blasted!
The centaur hits you but does no damage.
You hit the centaur but do no damage.
The centaur is almost dead.
Your shield and chain mail prevent you from hitting Ijyb.
You block the centaur's attack. You block Ijyb's attack.
Your shield and chain mail prevent you from hitting the centaur.
The centaur is severely wounded.
You hit Ijyb. You block the centaur's attack.
The centaur hits you but does no damage.
Ijyb hits you but does no damage.
You closely miss the centaur.
The centaur is severely wounded.
Your shield and chain mail prevent you from hitting Ijyb.
The centaur barely misses you. Ijyb closely misses you.
You block the centaur's attack.
You slash the centaur!
You kill the centaur!
Your Axes skill increases to level 5!
You hit Ijyb but do no damage. You block Ijyb's attack.
Ijyb hits you but does no damage.
You hit Ijyb.
Ijyb is moderately wounded.
You block Ijyb's attack.
You hit Ijyb.
Ijyb is heavily wounded.
Ijyb screams, "Get away!"
You block Ijyb's attack.
You hit Ijyb but do no damage.
Ijyb is heavily wounded.
Ijyb hits you with a +0 club.
You completely miss Ijyb.
Ijyb is heavily wounded.
You block Ijyb's attack.
You hit Ijyb but do no damage.
Ijyb is heavily wounded.
You block Ijyb's attack. Ijyb barely misses you.
You hit Ijyb.
Ijyb is severely wounded.
Ijyb hits you but does no damage.
Ijyb is nearby!
Ijyb is nearby!
Ijyb is nearby!
Ijyb is nearby!
Ijyb is nearby!
You closely miss Ijyb.
Ijyb is severely wounded.
Ijyb hits you but does no damage.
You feel much better.
Ijyb zaps a wand.
You resist with significant effort.
You hit Ijyb.
Ijyb is almost dead.
Ijyb zaps a wand.
You are blasted!
Your shield and chain mail prevent you from hitting Ijyb.
Ijyb is almost dead.
Ijyb hits you but does no damage.
You hit Ijyb but do no damage.
Ijyb is almost dead.
Ijyb zaps a wand.
You are blasted!
Ouch! That really hurt!
You die...

* , #.#,, ..
*#.#* #### ..
#....#* ##.#
.......##
#..#
........#
#g)#
........###@#
#
.........#.(#
##
.........#(##
##.
.........(.#
##..
..........##
#... *
**#.....((.#
#...
#######..#
#... *
.####..## ###
#... *
#........###
#.## ##..


You could see Ijyb.

Vanquished Creatures
  Sigmund (D:2)
  A centaur (D:5)
  A scorpion (D:4)
  A bullfrog skeleton (D:4)
  An orc wizard (D:4)
  A worker ant (D:4)
  An iguana (D:4)
  4 gnolls (D:5)
  5 adders
  A worm (D:2)
  7 orcs
  A giant cockroach (D:3)
  A goblin (D:3)
  2 hobgoblins
  4 jackals (D:3)
  6 kobolds
  A quokka (D:4)
  2 ball pythons
  2 frilled lizards
  A leopard gecko skeleton (D:4)
  8 rats
52 creatures vanquished.

Notes
Turn   | Place    | Note
-------+----------+-------------------------------------------
     0 | D:1      | EnegeticOcto the Deep Dwarf Fighter began the quest for the
                  | Orb.
     0 | D:1      | Reached XP level 1. HP: 20/20 MP: 1/1
   156 | D:2      | Noticed Sigmund
   158 | D:2      | Reached XP level 2. HP: 22/27 MP: 2/2
   177 | D:2      | Killed Sigmund
   177 | D:2      | Reached skill level 3 in Axes
   177 | D:2      | Reached XP level 3. HP: 27/36 MP: 3/3
   177 | D:2      | Reached XP level 4. HP: 34/44 MP: 4/4
   177 | D:2      | Reached XP level 5. HP: 38/50 MP: 5/5
   507 | D:3      | Reached skill level 4 in Axes
   835 | D:4      | Found a bloodstained altar of Trog.
   875 | D:4      | Found a staircase to the Ecumenical Temple.
  1054 | D:4      | Reached XP level 6. HP: 55/57 MP: 6/6
  1380 | D:5      | Entered Level 5 of the Dungeon
  1452 | D:5      | Noticed Ijyb
  1461 | D:5      | Reached skill level 5 in Axes
  1472 | D:5      | Blown up by Ijyb

Illustrated notes

Levels and vault maps discovered:
D:1:      elethiomel_arrival_diamonds, layout_basic, xom_teletrap_fun
D:2:      layout_basic, nicolae_qazlal_eye_of_the_storm, uniq_sigmund
D:3:      layout_rooms, serial_bayou, serial_bayou_pond_b,
          serial_bayou_crossing, serial_bayou_ford_a, serial_bayou_pond_d,
          saegor_snake_ambush
D:4:      layout_basic, lightli_temple_of_fire,
          minmay_temple_entry_glassed_door, first_ration, minmay_crystal_water,
          st_stairs_4
D:5:      layout_cave_pods, uniq_crazy_yiuf_cottage, uniq_ijyb

Skill      XL: |  1  2  3  4  5  6 |
---------------+-------------------+-----
Fighting       | 3 4 |  4.6
Axes           | 3 4 5 |  5.0
Armour         | 4 |  4.6
Shields        | 4 |  4.7

Action                   |  1- 3 |  4- 6 || total
-------------------------+-------+-------++-------
Melee: War axe           |    35 |   170 ||   205
 Abil: Heal Wounds       |     1 |     4 ||     5
  Use: Scroll            |       |     8 ||     8
  Eat: Chunk             |       |     2 ||     2
Armor: Scale mail        |    10 |    30 ||    40
       Chain mail        |       |    62 ||    62
Dodge: Dodged            |    11 |    51 ||    62
Block: Kite shield       |    17 |   104 ||   121
